 Dungeon Crawl Stone Soup version 0.28-a0-643-g84cb2ea78e (webtiles) character file.

Game seed: 16295720081800168954

2852 Gwenloh the Fighter (level 10, -9/77 HPs)
             Began as a Djinni Hedge Wizard on Oct 8, 2021.
             Was an Initiate of Gozag.
             Mangled by a seven-headed hydra (11 damage)
             ... on level 7 of the Dungeon on Oct 10, 2021.
             The game lasted 00:34:17 (10268 turns).

Gwenloh the Fighter (Djinni Hedge Wizard)          Turns: 10268, Time: 00:34:18

Health: -9/77      AC:  4    Str:  9    XL:     10   Next: 4%
Gold:   372        EV: 13    Int: 19    God:    Gozag SH:  6 Dex: 25

rFire   + + .      SeeInvis .   d - +0 rapier
rCold   x . .      Faith    .   h - +0 buckler
rNeg    . . .      Spirit   .   b - +0 robe
rPois   ∞          Reflect  .   c - +0 hat
rElec   .          Harm     .   (no cloak)
rCorr   .          Rampage  .   f - +1 pair of gloves
Will    +....                   (boots unavailable)
Stlth   ++........              (no amulet)
HPRegen 0.22/turn               q - +6 ring of dexterity
MPRegen 0.00/turn               j - +6 ring of dexterity

@: flying
A: sickness immunity, fire resistance 2, cold vulnerability 1, float, innate
caster, hp casting, extra vitality 1
a: Renounce Religion, Potion Petition, Call Merchant, Bribe Branch


You were on level 7 of the Dungeon.
You worshipped Gozag.
Gozag was aware of your devotion.
You visited 2 branches of the dungeon, and saw 8 of its levels.

You collected 614 gold pieces.
You spent 192 gold pieces at shops.
You paid 50 gold pieces to Gozag.

Inventory:

Hand Weapons
 a - a +0 dagger
 d - a +0 rapier (weapon)
Armour
 b - a +0 robe (worn)
 c - a +0 hat (worn)
 f - a +1 pair of gloves (worn)
 h - a +0 buckler (worn)
 k - a +2 hat
Jewellery
 j - a +6 ring of dexterity (right hand)
 q - a +6 ring of dexterity (left hand)
Wands
 l - a wand of flame (16)
 p - a wand of acid (4)
Scrolls
 e - a scroll of magic mapping
 i - 2 scrolls of immolation
 n - a scroll of enchant weapon
 o - 4 scrolls of teleportation
 r - a scroll of torment
 s - 3 scrolls of fear
 v - a scroll of vulnerability
Potions
 g - a potion of heal wounds {unknown}
 m - a potion of cancellation
 t - a potion of brilliance {unknown}
 u - 2 potions of flight {unknown}


   Skills:
 * Level 8.7 Fighting
 - Level 2.3 Dodging
 - Level 1.5 Stealth
 - Level 4.0 Shields
 * Level 7.2 Spellcasting


You couldn't memorise any spells.
You knew the following spells:

 Your Spells              Type           Power      Damage    Failure   Level
a - Magic Dart            Conj           100%       1d8       1%          1
b - Freeze                Ice            100%       1d11      1%          1
c - Mephitic Cloud        Conj/Pois/Air  34%        N/A       1%          3
d - Blink                 Tloc           N/A        N/A       1%          2
e - Conjure Flame         Conj/Fire      34%        6-21      1%          3
f - Call Imp              Summ           34%        N/A       1%          2
g - Slow                  Hex            34%        N/A       1%          2
h - Gell's Gravitas       Tloc           17%        N/A       1%          3
i - Corpse Rot            Necr/Air       N/A        N/A       1%          2
j - Leda's Liquefaction   Hex/Erth       17%        N/A       4%          4
Your spell library was empty.

Dungeon Overview and Level Annotations

Branches:
Dungeon (7/15)             Temple (1/1) D:4

Altars:
Ashenzari
Cheibriados
Dithmenos
Fedhas
Gozag
Hepliaklqana
Kikubaaqudgha
Makhleb
Nemelex Xobeh
Okawaru
Qazlal
Ru
Sif Muna
Trog
Uskayaw
Vehumet
Wu Jian
Xom
Yredelemnul
Zin
The Shining One

Shops:
D:1 !?   D:5 [

Annotations:
D:5 1 runed translucent door, sn0wgr3's ghost, novice GrFi


Innate Abilities, Weirdness & Mutations

You are immune to sickness and miasma.
You are immune to poison.
Your flesh is very heat resistant. (rF++)
You are vulnerable to cold. (rC-)
You float through the air rather than walking.
You learn spells naturally, not from books.
Your magical power is your life essence.
You have superior vitality. (+4 HP)


Message History

Confirm with . or Enter, or press ? or * to list all spells.
You can't see any susceptible monsters within range! (Use Z to cast anyway.)
The seven-headed hydra is engulfed in blazing flames.
Casting: Conjure Flame (safe; 1% risk of failure)
Confirm with . or Enter, or press ? or * to list all spells.
The ground around you becomes liquefied!
The seven-headed hydra bites you but does no damage.
The seven-headed hydra bites you! The seven-headed hydra bites you.
The seven-headed hydra barely misses you.
You block the seven-headed hydra's attack. x2
The seven-headed hydra becomes momentarily stuck in the liquid earth.
There is an open door here.
There is an open door here.
Casting: Leda's Liquefaction (dangerous; 4% risk of failure)
Confirm with . or Enter, or press ? or * to list all spells.
The fire begins to smoulder!
The seven-headed hydra smothers the flame.
The seven-headed hydra bites you.
The seven-headed hydra barely misses you.
The seven-headed hydra closely misses you.
The seven-headed hydra bites you.
You block the seven-headed hydra's attack. x2
The seven-headed hydra bites you.
You block the seven-headed hydra's attack.
The seven-headed hydra barely misses you. x4
The seven-headed hydra bites you! x2
The ground is no longer liquid beneath you.
An orc comes into view. It is wielding a +0 flail.
There is a stone staircase leading up here.
The seven-headed hydra bites you! x2
* * * LOW HITPOINT WARNING * * *
The seven-headed hydra bites you.
* * * LOW HITPOINT WARNING * * *
The seven-headed hydra bites you!
* * * LOW HITPOINT WARNING * * *
You block the seven-headed hydra's attack.
The seven-headed hydra barely misses you.
The seven-headed hydra bites you!
You die...
Your body crumbles into a pile of gold.

## ##+###
#..#....#
#..#....#
.'....#
#....#
#.@..#
#.D..#
#....#
#....#
#....#####
#+###
#........#
#.....
#....o...#
#.....
#####....#
#.....
#....#
#.....


You could see a seven-headed hydra and an orc (wandering).

Vanquished Creatures
  A wyvern (D:6)
  A shadow (D:6)
  2 water moccasins (D:6)
  A sky beast (D:6)
  An ice beast (D:5)
  3 orc warriors
  A necrophage (D:6)
  4 ogres
  2 phantoms
  2 bullfrogs
  2 scorpions (D:5)
  A water moccasin skeleton (D:6)
  2 bullfrog zombies (D:6)
  4 jellies
  6 hounds
  2 centaur skeletons (D:6)
  An orc priest (D:5)
  2 bullfrog skeletons
  2 iguanas
  Natasha (thrice) (D:3)
  4 orc wizards
  Terence (D:3)
  A howler monkey skeleton (D:6)
  4 gnolls
  5 adders
  A white imp (D:5)
  A worm (D:3)
  4 dart slugs
  7 orcs
  6 ball pythons
  2 endoplasms
  4 giant cockroaches
  3 goblins
  4 hobgoblins
  2 jackals (D:1)
  8 kobolds
  4 quokkas
  4 bats
  2 frilled lizards (D:2)
  3 rats
113 creatures vanquished.

Vanquished Creatures (collateral kills)
  A black bear (D:6)
1 creature vanquished.

Vanquished Creatures (others)
  A fungus (D:1)
  3 plants (D:1)
  2 withered plants (D:5)
6 creatures vanquished.

Grand Total: 120 creatures vanquished

Notes
Turn   | Place    | Note
-------+----------+-------------------------------------------
     0 | D:1      | Gwenloh the Djinni Hedge Wizard began the quest for the
                  | Orb.
     0 | D:1      | Reached XP level 1. HP: 15/15 MP: 0/0
   450 | D:1      | Reached XP level 2. HP: 17/22 MP: 0/0
   596 | D:1      | Reached skill level 1 in Fighting
   821 | D:1      | Found Johong's Distillery.
   899 | D:1      | Found a faded altar of an unknown god.
  1022 | D:1      | Found Vero's Magic Scroll Shop.
  1362 | D:1      | Reached XP level 3. HP: 25/27 MP: 0/0
  1362 | D:1      | Learned a level 1 spell: Freeze
  1707 | D:2      | Reached skill level 2 in Fighting
  1707 | D:2      | Reached skill level 1 in Shields
  1707 | D:2      | Reached XP level 4. HP: 25/33 MP: 0/0
  2079 | D:2      | You are sucked into a shaft and drop 1 floor!
  2228 | D:2      | Reached XP level 5. HP: 34/39 MP: 0/0
  2228 | D:2      | Learned a level 2 spell: Corpse Rot
  2413 | D:3      | Noticed Natasha
  2423 | D:3      | Killed Natasha
  2452 | D:3      | Noticed Natasha
  2465 | D:3      | Killed Natasha
  2466 | D:3      | Reached skill level 3 in Fighting
  2496 | D:3      | Noticed Natasha
  2899 | D:3      | Found a hazy altar of Hepliaklqana.
  2902 | D:3      | Found a hide-covered altar of Uskayaw.
  2905 | D:3      | Found a basalt altar of Yredelemnul.
  2908 | D:3      | Found a bloodstained altar of Trog.
  3165 | D:3      | Killed Natasha
  3166 | D:3      | Reached XP level 6. HP: 41/46 MP: 0/0
  3208 | D:3      | Found a broken altar of Ashenzari.
  3217 | D:3      | Noticed Terence
  3227 | D:3      | Killed Terence
  3607 | D:4      | Noticed an orc warrior
  3647 | D:4      | Noticed an ogre
  3665 | D:4      | Noticed an ogre
  3667 | D:4      | Killed an ogre
  3673 | D:4      | Killed an ogre
  3674 | D:4      | Reached skill level 4 in Fighting
  3674 | D:4      | Reached XP level 7. HP: 35/52 MP: 0/0
  3674 | D:4      | Learned a level 3 spell: Gell's Gravitas
  4569 | D:4      | Found a staircase to the Ecumenical Temple.
  4578 | Temple   | Entered the Ecumenical Temple
  4685 | Temple   | Became a worshipper of Gozag Ym Sagoz the Greedy
  4844 | D:1      | Bought a scroll of identify for 22 gold pieces
  4844 | D:1      | Bought a scroll of identify for 22 gold pieces
  4844 | D:1      | Bought a scroll of identify for 22 gold pieces
  4844 | D:1      | Bought a scroll of identify for 22 gold pieces
  5428 | D:5      | Entered Level 5 of the Dungeon
  5477 | D:5      | HP: 2/53 [phantom (5)]
  5801 | D:5      | Reached skill level 5 in Fighting
  5801 | D:5      | Reached XP level 8. HP: 54/59 MP: 0/0
  6058 | D:1      | Bought a potion of cancellation for 104 gold pieces
  6372 | D:5      | Reached skill level 5 in Spellcasting
  6670 | D:5      | Found Wedaklur's Armour Emporium.
  6722 | D:5      | Reached skill level 6 in Fighting
  7187 | D:5      | Found a runed translucent door.
  7188 | D:5      | Noticed sn0wgr3's ghost (novice GrFi)
  7332 | D:6      | Noticed a shadow
  7353 | D:6      | Found a burning altar of Makhleb.
  7444 | D:6      | Noticed a wyvern
  7454 | D:6      | Killed a wyvern
  7455 | D:6      | Reached XP level 9. HP: 18/67 MP: 0/0
  7455 | D:6      | Learned a level 4 spell: Leda's Liquefaction
  7764 | D:6      | Reached skill level 7 in Fighting
  8778 | D:6      | Reached skill level 8 in Fighting
  9919 | D:6      | Reached XP level 10. HP: 66/77 MP: 0/0
  9921 | D:6      | Upgraded the game from 0.28-a0-628-g3c9886e45e to
                  | 0.28-a0-643-g84cb2ea78e
 10173 | D:7      | Noticed a seven-headed hydra
 10268 | D:7      | HP: 2/77 [seven-headed hydra (15)]
 10268 | D:7      | Mangled by a seven-headed hydra

Illustrated notes

Levels and vault maps discovered:
D:1:      saegor_arrival_under_anarchy, layout_loops_ring,
          shapermc_ecumenical_altar_mp_ritualfount, serial_shops,
          nicolae_shop_stone, shop
D:2:      layout_basic, kennysheep_generic_room_13
D:3:      layout_rooms, grunt_temple_overflow_cloverleaf,
          ashenzari_conservatory_becter, uniq_natasha, uniq_terence
D:4:      layout_loops_ring, minmay_temple_entry_arrows
D:5:      layout_gridville, serial_shops, nicolae_shop_waterfront,
          gammafunk_ghost_grave
D:6:      layout_loops_corners, lemuel_tele_altar, minmay_misc_feat_encased,
          minmay_joined_circles
D:7:      kennysheep_slugbush, layout_gridville, minmay_misc_feat_tower
Temple:   regret_index_temple_waves

Skill      XL: |  1  2  3  4  5  6  7  8  9 |
---------------+----------------------------+-----
Fighting       | 1 2 3 4 5 6 8 |  8.7
Shields        | 1 2 3 4 |  4.0
Spellcasting   | 3 4 5 7 |  7.2
Dodging        | |  2.3
Stealth        | |  1.5

Action                   |  1- 3 |  4- 6 |  7- 9 | 10-12 || total
-------------------------+-------+-------+-------+-------++-------
Melee: Rapier            |    25 |    24 |   116 |     1 ||   166
 Cast: Magic Dart        |    60 |    76 |   212 |     7 ||   355
       Mephitic Cloud    |       |     3 |    15 |     1 ||    19
       Freeze            |       |    14 |    51 |       ||    65
       Corpse Rot        |       |     1 |       |       ||     1
       Blink             |       |       |    10 |     1 ||    11
       Call Imp          |       |       |    11 |       ||    11
       Conjure Flame     |       |       |     3 |     4 ||     7
       Slow              |       |       |     1 |       ||     1
       Leda's Liquefacti |       |       |       |     1 ||     1
Evoke: Wand              |       |       |     5 |       ||     5
  Use: Scroll            |       |       |     9 |       ||     9
       Potion            |       |       |     3 |       ||     3
 Stab: Confused          |       |     1 |       |       ||     1
       Sleeping          |       |       |       |     1 ||     1
Armor: Robe              |     8 |     5 |    31 |     1 ||    45
Dodge: Dodged            |    15 |    20 |    85 |     9 ||   129
Block: Buckler           |       |       |    42 |     7 ||    49

Table legend: (Time is in decaauts)
 A = Elapsed time spent in this place.
 B = Non-inter-level travel time spent in this place.
 C = Inter-level travel time spent in this place.
 D = Time resting spent in this place.
 E = Time spent auto-exploring this place.
 F = Levels seen in this place.
 G = Mean time per level.
                   A        B        C        D        E       F      G
               +--------+--------+--------+--------+--------+-----+--------+
         Total |  10328 |   9512 |    816 |   1876 |   6304 |   8 | 1291.0 |
       Dungeon |  10192 |   9409 |    783 |   1876 |   6217 |   7 | 1456.0 |
        Temple |    136 |    103 |     33 |      0 |     87 |   1 |  136.0 |
               +--------+--------+--------+--------+--------+-----+--------+

Top non-repeatable levels by time:
     D:6: 2420 daAuts
     D:5: 2008 daAuts
     D:1: 1627 daAuts
     D:3: 1403 daAuts
     D:2: 1351 daAuts
     D:4: 1176 daAuts
     D:7: 204 daAuts
  Temple: 136 daAuts
